 Dungeon Crawl Stone Soup version 0.25-a0-663-gace7076f2c (webtiles) character file.

Game seed: 10107369691371252669, levelgen mode: deterministic

143 Aggronaut the Ruffian (level 5, -2/45 HPs)
             Began as a Ghoul Monk on Mar 25, 2020.
             Slain by a hound (5 damage)
             ... on level 5 of the Dungeon.
             The game lasted 00:07:38 (2216 turns).

Aggronaut the Ruffian (Ghoul Monk)                  Turns: 2216, Time: 00:07:38

Health: -2/45      AC:  7    Str: 15    XL:     5   Next: 25%
Magic:  4/4        EV: 11    Int:  6    God:
Gold:   95         SH:  0    Dex: 11    Spells: 2/4 levels left

rFire    . . .     SeeInvis .     - Unarmed
rCold    + . .     Gourm    .   (no shield)
rNeg     + + +     Faith    .   d - +0 ring mail
rPois    ∞         Spirit   .   k - +0 helmet
rElec    .         Reflect  .   i - +0 cloak
rCorr    .         Harm     .   (no gloves)
MR       .....                  (no boots)
Stlth    ++........             (no amulet)
HPRegen  0.00/turn              (no ring)
MPRegen  0.09/turn              (no ring)

@: rotting
A: rotting body, claws 1, carnivore, cold resistance 1, negative energy
resistance 3, inhibited regeneration, torment resistance, unbreathing
a: no special abilities


You were on level 5 of the Dungeon.
You were not hungry.

You visited 1 branch of the dungeon, and saw 5 of its levels.

You collected 95 gold pieces.

Inventory:

Missiles
 m - 16 poisoned darts (quivered)
 p - 3 datura-tipped darts
Armour
 d - a +0 ring mail (worn)
 i - a +0 cloak (worn)
 k - a +0 helmet (worn)
Potions
 c - a potion of flight
 f - a potion of curing
 h - a potion of stabbing {unknown}
 j - a potion of brilliance {unknown}
 n - a potion of lignification {unknown}
Comestibles
 b - 5 rations
 g - 3 chunks of flesh


   Skills:
 - Level 3.2 Fighting
 + Level 1.0 Throwing
 - Level 2.6 Dodging
 + Level 3.8 Stealth
 * Level 5.4 Unarmed Combat


You had 2 spell levels left.
You knew the following spells:

 Your Spells              Type           Power        Failure   Level  Hunger
a - Sticks to Snakes      Tmut           #.......     83%         2    ###....

Your spell library contained the following spells:

 Spells                   Type           Power        Failure   Level  Hunger
 Beastly Appendage        Tmut           Unusable     N/A         1    N/A
 Spider Form              Tmut/Pois      Unusable     N/A         3    N/A
 Ice Form                 Ice/Tmut       Unusable     N/A         4    N/A
 Blade Hands              Tmut           Unusable     N/A         5    N/A

Dungeon Overview and Level Annotations

Branches:
Dungeon (5/15)
 Temple: D:4-7

Altars:

Annotations:
D:3 Sigmund


Innate Abilities, Weirdness & Mutations

Your body is rotting away.
You thrive on raw meat.
You are immune to poison.
You have sharp fingernails.
You are carnivorous and can eat meat at any time.
Your flesh is cold resistant. (rC+)
You are immune to negative energy. (rN+++)
You do not regenerate when monsters are visible.
You are immune to unholy pain and torment.
You can survive without breathing.


Message History

Found 6 gold pieces.
The bullfrog zombie closely misses you. The hound closely misses you.
The hound barely misses you. The hound completely misses you.
Found a leather armour.
The hound closely misses you. The hound bites you but does no damage.
The hound barely misses you.
Found a scythe.
The hound barely misses you. The hound closely misses you.
The hound barely misses you.
Found a scale mail.
The hound closely misses you.
A quokka comes into view.
The hound closely misses you.
Found an escape hatch in the floor.
The hound bites you.
You die...

... ##.. ### #...
##..## ##...
#.....##...
##....#... ...
#.....#..## .....
........@.# #......
.......hh###........
.....r..Z...........#
.>.......##..........
...[.................
#...##...............
###..........)......
.....#...#......#
....####.##.....#


You could see a hound, a bullfrog zombie, a quokka and a jackal.

Vanquished Creatures
  A howler monkey (D:4)
  5 adders
  2 worms (D:2)
  A dart slug (D:1)
  2 leopard geckos (D:2)
  An orc (D:2)
  A giant cockroach (D:1)
  8 goblins
  6 hobgoblins
  4 jackals (D:3)
  5 kobolds
  5 bats
  4 frilled lizards
  4 rats
49 creatures vanquished.

Notes
Turn   | Place    | Note
-------+----------+-------------------------------------------
     0 | D:1      | Aggronaut the Ghoul Monk began the quest for the Orb.
     0 | D:1      | Reached XP level 1. HP: 19/19 MP: 0/0
   119 | D:1      | Reached XP level 2. HP: 18/26 MP: 1/1
   469 | D:1      | Reached skill level 4 in Unarmed Combat
   897 | D:2      | Reached XP level 3. HP: 31/31 MP: 2/2
  1559 | D:2      | Reached XP level 4. HP: 34/38 MP: 3/3
  1780 | D:2      | Reached skill level 5 in Unarmed Combat
  2004 | D:3      | Noticed Sigmund
  2088 | D:3      | Learned a level 2 spell: Sticks to Snakes
  2096 | D:3      | You fall into a shaft and drop 1 floor!
  2134 | D:4      | Reached XP level 5. HP: 39/45 MP: 4/4
  2135 | D:4      | Noticed an ogre
  2139 | D:4      | Reached skill level 1 in Throwing
  2188 | D:5      | Entered Level 5 of the Dungeon
  2216 | D:5      | Slain by a hound

Levels and vault maps discovered:
D:1:      dpeg_arrival_radiant, layout_rooms, serial_rivers,
          chequers_serial_rivers_room_b, chequers_serial_rivers_small_a,
          chequers_serial_rivers_room_a, chequers_serial_rivers_large_a,
          serial_park_tiny_2, minmay_cupped
D:2:      layout_loops_ring, first_ration
D:3:      layout_rooms, minmay_misc_feat_cross, uniq_sigmund
D:4:      minmay_chambers_of_twos, layout_basic, grunt_ministairs_14,
          uniq_blork_the_orc
D:5:      layout_cave_pools, vehumet_altar_wand_db

Skill      XL: |  1  2  3  4  5 |
---------------+----------------+-----
Unarmed Combat | 4 5 |  5.4
Stealth        | 3 |  3.8
Throwing       | 1 |  1.0
Fighting       | |  3.2
Dodging        | |  2.6

Action                   |  1- 3 |  4- 6 || total
-------------------------+-------+-------++-------
Melee: Unarmed           |    98 |    54 ||   152
       Punch             |       |     3 ||     3
  Use: Scroll            |     6 |     3 ||     9
 Stab: Sleeping          |     3 |     1 ||     4
  Eat: Chunk             |     5 |       ||     5
Armor: Robe              |    16 |     5 ||    21
       Ring mail         |       |    14 ||    14
Dodge: Dodged            |    53 |    47 ||   100

Table legend:
 A = Non-vault XP
 B = Vault XP
 C = Vault XP percentage of total XP
 D = Non-vault monster count
 E = Vault monster count
 F = Vault count percentage of total count
                 A         B        C        D         E       F
            +---------+---------+-------+---------+---------+-------
      Total |     199 |       6 |   2.9 |      46 |       3 |   6.1
            +---------+---------+-------+---------+---------+-------
        D:1 |      21 |       6 |  22.2 |      13 |       3 |  18.8
        D:2 |     100 |       0 |   0.0 |      26 |       0 |   0.0
        D:3 |      10 |       0 |   0.0 |       5 |       0 |   0.0
        D:4 |      68 |       0 |   0.0 |       2 |       0 |   0.0
            +---------+---------+-------+---------+---------+-------
